 Dungeon Crawl Stone Soup version 0.21-a0-39-g28ea6b7 (console) character file.

47 nht the Chopper (level 3, -2/29 HPs)
             Began as a Formicid Fighter on May 31, 2017.
             Slain by a gnoll (4 damage)
             ... on level 2 of the Dungeon.
             The game lasted 00:01:13 (1186 turns).

nht the Chopper (Formicid Fighter)                  Turns: 1186, Time: 00:01:13

Health: -2/29      AC:  6    Str: 26    XL:     3   Next: 97%
Magic:  3/3        EV:  8    Int:  7    God:
Gold:   110        SH: 10    Dex: 13    Spells: 2/2 levels left

rFire    . . .     SeeInvis +   a - +0 war axe
rCold    . . .     Gourm    .   c - +0 shield
rNeg     . . .     Faith    .   b - +0 scale mail
rPois    .         Spirit   .   (helmet unavailable)
rElec    .         Reflect  .   (no cloak)
rCorr    .         Harm     .   (no gloves)
MR       .....                  (no boots)
Stlth    ..........             (no amulet)
Regen    0.1/turn               h - +3 ring of dexterity
MPRegen  0.1/turn               (no ring)

@: mighty
A: permanent stasis, dig shafts and tunnels, four strong arms, antennae 3
a: Dig, Shaft Self


You were on level 2 of the Dungeon.
You were not hungry.

You visited 1 branch of the dungeon, and saw 2 of its levels.

You collected 110 gold pieces.

Inventory:

Hand Weapons
 a - a +0 war axe (weapon)
Missiles
 q - 8 javelins (quivered)
Armour
 b - a +0 scale mail (worn)
 c - a +0 shield (worn)
Jewellery
 h - a +3 ring of dexterity (left hand)
Scrolls
 e - 2 scrolls of remove curse {unknown}
 j - 2 scrolls of teleportation {unknown}
 k - a scroll of recharging {unknown}
 l - 4 scrolls of identify {unknown}
 n - a scroll of fog {unknown}
Potions
 m - 2 potions of lignification {unknown}
 o - a potion of degeneration {unknown}
 p - a potion of invisibility {unknown}
Comestibles
 f - 3 bread rations
 g - a meat ration
 i - 3 chunks of flesh


   Skills:
 - Level 3.2 Fighting
 + Level 3.9 Axes
 - Level 3.2 Armour
 - Level 3.6 Shields


You had 2 spell levels left.
You didn't know any spells.

Dungeon Overview and Level Annotations

Branches:
Dungeon (2/15)

Altars:


Innate Abilities, Weirdness & Mutations

You cannot be hasted, slowed, berserked, paralysed or teleported.
You can dig through walls and to a lower floor.
Your four strong arms can wield two-handed weapons with a shield.
You have a pair of large antennae on your head. (SInv)


Message History

Found 8 arrows.
An adder comes into view.
You closely miss the gnoll.
The adder hisses angrily.
You hit the gnoll but do no damage. You block the gnoll's attack.
The gnoll barely misses you.
You feel very mighty all of a sudden. The gnoll barely misses you.
You block the gnoll's attack.
You barely miss the gnoll. You slash the gnoll! You block the gnoll's attack.
The gnoll barely misses you. The gnoll hits you.
* * * LOW HITPOINT WARNING * * *
You barely miss the gnoll.
Your scale mail prevents you from hitting the gnoll.
You block the gnoll's attack. The gnoll hits you but does no damage.
You hit the gnoll.
The gnoll is almost dead.
You closely miss the gnoll. The gnoll hits you with a halberd.
* * * LOW HITPOINT WARNING * * *
The gnoll hits you.
You die...

█.█.>███
█.█..█
█████.█..█
{
█........█
█.███.█.██
█.█ █.█.█
█.█ █..(.
{ █.█
███... █@█
....


█(gg█ .... ███SK ... .S.█ ██.█ .█ .█ .█ You could see 2 gnolls, 2 adders and a
kobold.

Vanquished Creatures
  A gnoll (D:2)
  2 dart slugs
  A leopard gecko (D:2)
  3 bats
  3 giant cockroaches (D:1)
  7 goblins
  4 hobgoblins (D:1)
  2 frilled lizards (D:1)
  6 kobolds
  3 rats (D:1)
32 creatures vanquished.

Notes
Turn   | Place    | Note
-------+----------+-------------------------------------------
     0 | D:1      | nht the Formicid Fighter began the quest for the Orb.
     0 | D:1      | Reached XP level 1. HP: 18/18 MP: 1/1
   114 | D:1      | Reached XP level 2. HP: 24/24 MP: 2/2
   636 | D:1      | Reached XP level 3. HP: 29/29 MP: 3/3
  1186 | D:2      | Slain by a gnoll

Vault maps used:
D:1:      minmay_arrival_arboretum_small, lemuel_another_geyser
D:2:      lemuel_doored_altar, first_bread, kennysheep_generic_room_10

Skill      XL: |  1  2 |
---------------+-------+-----
Axes           | 3 |  3.9
Fighting       | |  3.2
Armour         | |  3.2
Shields        | |  3.6

Action                   || total
-------------------------++-------
Melee: War axe           ||    80
  Use: Potion            ||     1
  Eat: Chunk             ||     1
Armor: Scale mail        ||    34
Dodge: Dodged            ||    28
Block: Shield            ||    43
